 Dungeon Crawl Stone Soup version 0.30.0-17-ge0270778cf (webtiles) character file.

Game seed: 2717778286228689031

21 Diggabert the Grasshopper (level 2, -5/24 HPs)
             Began as a Demigod Warper on May 22, 2023.
             Slain by Sigmund
             ... wielding a +2 heavy scythe
              (17 damage)
             ... on level 2 of the Dungeon.
             The game lasted 00:02:49 (1230 turns).

Diggabert the Grasshopper (Demigod Warper)          Turns: 1230, Time: 00:02:50

Health: -5/24      AC:  9    Str: 12    XL:     2   Next: 48%
Magic:  7/7        EV:  6    Int: 15    God:
Gold:   10         SH:  0    Dex: 13    Spells: 4/4 levels left

rFire   . . .        b - +1 whip (holy)
rCold   . . .        (no shield)
rNeg    . . .        k - +0 chain mail
rPois   .            (no helmet)
rElec   .            (no cloak)
rCorr   .            j - +0 pair of gloves
SInv    .            (no boots)
Will    .....        (no amulet) Stlth
                     (no ring)
HPRegen 0.24/turn    (no ring)
MPRegen 0.10/turn

%: no passive effects
@: no status effects
A: high MP 1, forlorn, divine attributes
a: no special abilities


You were on level 2 of the Dungeon.
You visited 1 branch of the dungeon, and saw 2 of its levels.

You collected 10 gold pieces.

Inventory:

Hand Weapons
 a - a +0 mace
 b - a +1 whip of holy wrath (weapon)
Missiles
 d - 7 boomerangs of dispersal (quivered)
Armour
 j - a +0 pair of gloves (worn)
 k - a +0 chain mail (worn)
Scrolls
 c - 2 scrolls of blinking
 g - 2 scrolls of identify {unknown}
 h - a scroll of magic mapping {unknown}
 i - a scroll of fear {unknown}
Potions
 e - a potion of attraction {unknown}
 f - a potion of might {unknown}


   Skills:
 * Level 2.0 Fighting
 * Level 2.0 Maces & Flails
 - Level 0.8 Throwing
 * Level 1.2 Armour
 * Level 2.0 Dodging
 - Level 1.7 Spellcasting
 * Level 3.1 Translocations


You had 4 spell levels left.
You didn't know any spells.
Your spell library contained the following spells:

 Spells                   Type           Power      Damage    Failure   Level
 Blink                    Tloc           20%        N/A       95%         2
 Lesser Beckoning         Tloc           20%        N/A       95%         2
 Teleport Other           Tloc           10%        N/A       99%         3
 Vhi's Electric Charge    Tloc/Air       12%        N/A       100%        3
 Manifold Assault         Tloc           10%        N/A       100%        4


Dungeon Overview and Level Annotations

Branches:
Dungeon (2/15)

Annotations:
D:2 Sigmund


Innate Abilities, Weirdness & Mutations

You have an increased reservoir of magic. (+10% MP)
You shall have no god before yourself.
Your divine heritage dramatically boosts your attributes as you level up.


Message History

You barely miss the giant cockroach.
You punch the giant cockroach, but do no damage.
The giant cockroach is severely wounded.
The giant cockroach bites you but does no damage.
The giant cockroach attacks as you move away!
The giant cockroach bites you.
The giant cockroach attacks as you move away!
The giant cockroach bites you but does no damage. x2
The giant cockroach attacks as you move away!
The giant cockroach bites you but does no damage.
You hit the giant cockroach but do no damage.
The giant cockroach is severely wounded.
The giant cockroach barely misses you.
You hit the giant cockroach but do no damage.
The giant cockroach is severely wounded.
The giant cockroach bites you but does no damage. x2
You hit the giant cockroach.
The giant cockroach is almost dead.
The giant cockroach bites you but does no damage.
You hit the giant cockroach.
You kill the giant cockroach!
You hit the hobgoblin.
You kill the hobgoblin!
Your Maces & Flails skill increases to level 2!
You hit the goblin.
You kill the goblin!
Your Fighting skill increases to level 2!
The dart slug launches a dart at you. The slug dart misses you.
Things that are here:
a +0 dagger; a goblin corpse; a hobgoblin corpse The dart slug bites you.
Something hits you!
You barely miss the dart slug. The dart slug bites you.
You hit the dart slug.
The dart slug is moderately wounded.
You hit the dart slug.
The dart slug is severely wounded.
Something hits you!
Ouch! That really hurt!
You die...

###.#.######.>.## ..
................ ... ....
......... #.# #.###........
#.# #....w......$ #.#
#.g##........ #.#
#..###....... #.#####..##
.....#. #...)@wK..# .....#
#.########.######...........
#....†..<.........###.##.#..
#######.#########.# .# ....
#.# #.# #.# #.# #.# .# ...
.. ...


You could see a dart slug and a kobold.

Vanquished Creatures
  A dart slug (D:1)
  A bat (D:1)
  3 giant cockroaches
  2 goblins
  2 hobgoblins (D:2)
  2 quokkas (D:1)
  2 ball pythons (D:1)
  A frilled lizard (D:1)
  2 kobolds (D:1)
  A rat (D:1)
17 creatures vanquished.

Notes
Turn   | Place    | Note
-------+----------+-------------------------------------------
     0 | D:1      | Diggabert the Demigod Warper began the quest for the Orb.
     0 | D:1      | Reached XP level 1. HP: 17/17 MP: 5/5
    66 | D:1      | Reached skill level 1 in Armour
   205 | D:1      | Reached skill level 3 in Translocations
   514 | D:1      | Reached XP level 2. HP: 19/24 MP: 7/7
  1203 | D:2      | Noticed Sigmund
  1230 | D:2      | Slain by Sigmund

Illustrated notes

Levels and vault maps discovered:
D:1:      elethiomel_arrival_quiet, layout_basic
D:2:      layout_loops_ring, dk_noncrumbling_3, chequers_serial_rivers_large_b,
          minmay_rat_gold_closets, uniq_sigmund, uniq_jessica

Skill      XL: |  1  2 |
---------------+-------+-----
Armour         | 1 |  1.2
Translocations | 3 |  3.1
Dodging        | 2 |  2.0
Maces & Flails | 2 |  2.0
Fighting       | 2 |  2.0
Throwing       | |  0.8
Spellcasting   | |  1.7

Action                     || total
---------------------------++-------
  Melee: Mace              ||    57
         Punch             ||     2
         Whip              ||    25
 Armour: Leather armour    ||    10
         Chain mail        ||    33
  Dodge: Dodged            ||    45
